 Dungeon Crawl Stone Soup version 0.20-a0-772-g73021bd (webtiles) character file.

145128 Murumi the Peltast (level 18, 143/143 HPs)
             Began as a Formicid Fighter on Jan 16, 2017.
             Was the Champion of Elyvilon.
             Quit the game on level 3 of the Spider Nest on Apr 3, 2017.
             The game lasted 02:57:59 (36362 turns).

Murumi the Peltast (Formicid Fighter)              Turns: 36362, Time: 02:57:59

Health: 143/143    AC: 19    Str: 31    XL:     18   Next: 3%
Magic:  29/29      EV: 12    Int: 12    God:    Elyvilon [******]
Gold:   765        SH: 22    Dex: 10    Spells: 17/17 levels left

rFire    . . .     SeeInvis +   e - +2 double sword (flame)
rCold    + . .     Gourm    +   B - +0 plate armour
rNeg     . . .     Faith    .   r - +1 large shield
rPois    +         Spirit   .   (helmet unavailable)
rElec    .         Reflect  .   N - scarf {rC+}
rCorr    .         Harm     .   q - +0 pair of gloves
MR       +....                  C - +0 pair of boots
Stlth    ..........             J - amulet of the gourmand
Regen    0.4/turn               c - +6 ring of strength
MPRegen  0.3/turn               u - ring of poison resistance

@: no status effects
A: permanent stasis, dig shafts and tunnels, four strong arms, antennae 3
a: Dig, Shaft Self, Lesser Healing, Heal Other, Purification, Greater Healing,
Divine Vigour, Divine Protection, Renounce Religion


You were on level 3 of the Spider Nest.
You worshipped Elyvilon.
Elyvilon was exalted by your worship.
You were completely stuffed.

You visited 5 branches of the dungeon, and saw 27 of its levels.
You also visited: Volcano.

You collected 2648 gold pieces.
You spent 1883 gold pieces at shops.

Inventory:

Hand Weapons
 e - a +2 double sword of flaming (weapon)
 f - a +5 triple crossbow of flaming
Missiles
 n - 523 bolts
Armour
 q - a +0 pair of gloves (worn)
 r - a +1 large shield (worn)
 B - a +0 plate armour (worn)
 C - a +0 pair of boots (worn)
 N - a scarf of cold resistance (worn)
Jewellery
 c - a +6 ring of strength (right hand)
 h - a +4 ring of protection
 u - a ring of poison resistance (left hand)
 J - an amulet of the gourmand (around neck)
Wands
 l - a wand of lightning (5/15)
 y - a wand of iceblast (4/15)
 E - a wand of disintegration (11/24)
 F - a wand of acid (0/15)
 G - a wand of iceblast (6/15)
 H - a wand of scattershot (3/9)
 L - a wand of disintegration (17/24)
 O - a wand of iceblast (5/15)
 S - a wand of lightning (7/15)
Scrolls
 o - 4 scrolls of identify
 t - 3 scrolls of recharging
 v - 4 scrolls of enchant weapon
 x - 6 scrolls of remove curse
 K - 2 scrolls of fog
 M - 2 scrolls of enchant armour
 R - a scroll of magic mapping
 T - a scroll of summoning
Potions
 b - 4 potions of magic
 d - 4 potions of cancellation
 i - 8 potions of curing
 j - 4 potions of flight
 k - 3 potions of invisibility
 s - 5 potions of brilliance
 w - 2 potions of ambrosia
 z - 3 potions of might
 A - a potion of resistance
 D - 6 potions of heal wounds
 I - 3 potions of lignification
 Q - 3 potions of agility
Comestibles
 a - 19 fruits
 g - 27 royal jellies
 m - 11 meat rations
 p - a royal jelly
 P - 15 bread rations


   Skills:
 - Level 13.0 Fighting
 - Level 12.0 Long Blades
 + Level 11.4 Crossbows
 - Level 13.0 Armour
 - Level 10.0 Dodging
 - Level 15.0 Shields
 - Level 15.0 Invocations


You had 17 spell levels left.
You didn't know any spells.

Dungeon Overview and Level Annotations

Branches:
Dungeon (15/15)            Temple (1/1) D:4            Lair (6/6) D:8
 Shoals (0/4) Lair:3       Spider (3/4) Lair:4        Slime (0/5) Lair:5
    Orc (2/2) D:9             Elf (0/3) Orc:2        Vaults (0/5) D:14
 Depths (0/5) D:15

Altars:
Ashenzari
Cheibriados
Dithmenos
Elyvilon
Fedhas
Gozag
Hepliaklqana
Kikubaaqudgha
Makhleb
Nemelex Xobeh
Okawaru
Qazlal
Ru
Sif Muna
Trog
Uskayaw
Vehumet
Xom
Yredelemnul
Zin
The Shining One

Shops:
D:6 =*!!   D:13 }   Orc:2 *((?}

Annotations:
Lair:1 exclusion: oklob plant


Innate Abilities, Weirdness & Mutations

You cannot be hasted, slowed, berserked, paralysed or teleported.
You can dig through walls and to a lower floor.
Your four strong arms can wield two-handed weapons with a shield.
You have a pair of large antennae on your head. (SInv)


Message History

You enter the shallow water.
Moving in this stuff is going to be slow.
You found a web!
You enter the shallow water.
Moving in this stuff is going to be slow.
You found a web!
You found a web!
You enter the shallow water.
Moving in this stuff is going to be slow.
You enter the shallow water.
Moving in this stuff is going to be slow.
You sense a monster nearby.
S - a wand of lightning (?/15)
You now have 765 gold pieces (gained 20).
T - a scroll of summoning
Found a spear.
Welcome back, Murumi the Formicid Fighter.
Elyvilon says: Go forth and aid the weak!
Press ? for a list of commands and other information.
Are you sure you want to abandon this character and quit the game? (Confirm with "yes".)

#.##..^#...##...#. .
...#..#.#.....########..
#..#...##.##............
.#...# #.........#.....#
.##..#^..#.[#......#.###
.##.#....#######.##..≈#
.......##...#....## ###
.[.#.#...##...##..#
##.###....... #.@##
.##.#..##.)........#
#^........#.#...#.##
.#..##.#..###... .^
.#...# #...#..#. .#.
....###..#.#..#. #...
.#...≈.# #.#. #. . #.
.#..##^##.#). #. .. .#
.#...)...^#


There were no monsters in sight!

Vanquished Creatures
  Rupert (Lair:3)
  Kirke (Spider:2)
  3 emperor scorpions
  Louise (D:15)
  The ghost of WhatIsLove the Destroyer, a journeyman TeAE of Sif Muna (Spider:2)
  A stone giant (Volcano)
  4 entropy weavers
  3 spark wasps
  Snorg (Lair:4)
  A fire dragon (Lair:6)
  A rakshasa (D:15)
  3 hydras
  An ogre mage (D:15)
  8 vault guards (D:14)
  3 centaur warriors (D:13)
  11 two-headed ogres
  2 catoblepae
  A death knight (D:15)
  Erica (D:8)
  A queen ant (Lair:6)
  9 death yaks
  The ghost of Oki the Cleaver, a novice OpFi of Okawaru (D:8)
  2 unseen horrors
  An unseen horror (shapeshifter) (D:15)
  A death drake (shapeshifter) (D:15)
  A swamp dragon (Lair:6)
  A glowing orange brain (D:15)
  A wolf spider zombie (D:15)
  2 orc knights (Orc:2)
  10 orb spiders
  An orc sorcerer (Orc:1)
  15 wolf spiders
  4 ugly things
  8 slime creatures
  A deep elf mage (D:15)
  2 manticores
  3 moths of wrath
  23 elephants
  Maurice (D:8)
  6 black mambas
  17 spiny frogs
  3 torpor snails
  3 rime drakes (Lair:6)
  8 komodo dragons
  9 demonic crawlers
  2 efreet
  2 freezing wraiths (D:15)
  2 tengu conjurers (D:15)
  A troll (D:13)
  15 jumping spiders
  10 polar bears (Lair:6)
  A jumping spider (shapeshifter) (D:15)
  A hornet (Spider:3)
  5 raiju (Lair:6)
  7 dream sheep
  12 blink frogs
  13 hippogriffs
  A spriggan (D:11)
  A wraith (D:15)
  21 tarantellas
  2 water elementals (D:13)
  4 wyverns
  A vampire (D:13)
  26 redbacks
  57 yaks
  12 fire bats
  3 fire elementals (Volcano)
  2 hogs (Spider:2)
  3 basilisks
  2 steam dragons (Lair:6)
  3 hungry ghosts
  7 wargs
  A warg (shapeshifter) (D:15)
  24 soldier ants
  2 acid dragons (Lair:6)
  12 hell hounds (Lair:6)
  A soldier ant (shapeshifter) (D:14)
  9 porcupines
  18 water moccasins
  A hornet zombie (D:12)
  33 orc warriors
  4 phantoms
  11 black bears (Lair:6)
  3 sky beasts
  2 swamp drakes (Lair:6)
  A necrophage (D:13)
  5 ice beasts
  2 eyes of draining
  12 ogres
  19 wolves (Lair:6)
  8 centaurs
  15 crocodiles
  5 big kobolds
  20 bullfrogs
  A gnoll sergeant (D:7)
  8 scorpions
  3 killer bees (D:13)
  17 wights
  3 howler monkeys
  2 electric eels (D:13)
  8 lava snakes
  4 crimson imps
  3 centaur zombies
  12 hounds
  18 orc priests
  5 jellies
  3 centaur skeletons
  23 orc wizards
  Ijyb (D:2)
  2 bullfrog skeletons
  7 iguanas
  Natasha (twice) (D:3)
  25 worker ants
  2 hound skeletons
  16 gnolls
  22 adders
  3 shadow imps
  5 oozes
  3 worms
  4 leopard geckos
  87 orcs
  4 bats
  A bat zombie (D:9)
  6 giant cockroaches
  2 hobgoblins (D:2)
  7 jackals (D:7)
  26 kobolds
  A quokka (shapeshifter) (D:15)
  3 quokkas
  6 frilled lizards
  7 goblins
  2 jackal skeletons
  A jackal zombie (D:8)
  2 leopard gecko skeletons
  A quokka skeleton (D:7)
  7 rats
  4 rat zombies (D:9)
  A bush (Lair:3)
976 creatures vanquished.

Vanquished Creatures (others)
  3 humans
  A crocodile (Lair:6)
  A kobold (D:3)
  24 fungi
  39 plants
68 creatures vanquished.

Grand Total: 1044 creatures vanquished

Notes
Turn   | Place    | Note
-------+----------+-------------------------------------------
     0 | D:1      | Murumi the Formicid Fighter began the quest for the Orb.
     0 | D:1      | Reached XP level 1. HP: 18/18 MP: 1/1
    23 | D:1      | Reached XP level 2. HP: 19/24 MP: 2/2
   342 | D:1      | Reached skill level 1 in Dodging
   812 | D:1      | Reached XP level 3. HP: 29/29 MP: 3/3
  1471 | D:2      | Reached XP level 4. HP: 34/35 MP: 4/4
  1775 | D:2      | Noticed a moth of wrath
  1784 | D:2      | Found a bloodstained altar of Trog.
  1921 | D:2      | Found a shimmering altar of Xom.
  1921 | D:2      | Found a snail-covered altar of Cheibriados.
  2047 | D:3      | Noticed Natasha
  2047 | D:3      | Noticed Ijyb
  2063 | D:2      | Killed Ijyb
  2063 | D:2      | Reached XP level 5. HP: 38/42 MP: 5/5
  2085 | D:3      | Killed Natasha
  2291 | D:3      | Noticed Natasha
  2296 | D:3      | Killed Natasha
  2296 | D:3      | Reached skill level 5 in Shields
  2296 | D:3      | Reached XP level 6. HP: 48/48 MP: 6/6
  2527 | D:3      | Found a radiant altar of Vehumet.
  2739 | D:4      | Reached XP level 7. HP: 49/54 MP: 7/7
  3019 | D:4      | Reached skill level 5 in Fighting
  3061 | D:4      | Found a staircase to the Ecumenical Temple.
  3070 | Temple   | Entered the Ecumenical Temple
  3108 | Temple   | Became a worshipper of Elyvilon the Healer
  3466 | D:4      | Reached XP level 8. HP: 62/62 MP: 8/8
  3484 | D:4      | Reached skill level 5 in Armour
  3505 | D:5      | Entered Level 5 of the Dungeon
  4126 | D:6      | Found Suipaini's General Store.
  4164 | D:6      | Reached * piety under Elyvilon
  4214 | D:6      | Found Fotir's Distillery.
  4222 | D:6      | Reached skill level 5 in Invocations
  4469 | D:6      | Found an iron altar of Okawaru.
  4521 | D:6      | Found a stormy altar of Qazlal.
  4577 | D:6      | Found Sukhol's Distillery.
  4581 | D:6      | Bought a potion of degeneration for 11 gold pieces
  4636 | D:6      | Found Erphagg's Jewellery Shoppe.
  4640 | D:6      | Bought a cursed amulet of inaccuracy for 28 gold pieces
  4772 | D:6      | Reached XP level 9. HP: 67/68 MP: 13/13
  4837 | D:6      | Found a glowing silver altar of Zin.
  5027 | D:6      | Upgraded the game from 0.20-a0-492-g6327889 to 0.20-a0-650-gd54866b
  5386 | D:7      | Reached ** piety under Elyvilon
  5397 | D:7      | Noticed a hippogriff
  5434 | D:7      | Killed a hippogriff
  5840 | D:7      | Found a glowing golden altar of the Shining One.
  5947 | D:7      | Found a basalt altar of Yredelemnul.
  6257 | D:8      | Reached skill level 5 in Long Blades
  6398 | D:8      | Noticed Erica
  6430 | D:8      | Reached XP level 10. HP: 79/79 MP: 16/16
  6439 | D:8      | Killed Erica
  6721 | D:8      | Noticed Maurice
  6729 | D:8      | Killed Maurice
  6731 | D:8      | Reached skill level 5 in Dodging
  6738 | D:8      | Noticed Oki's ghost (novice OpFi)
  6754 | D:8      | Killed Oki's ghost
  6779 | D:8      | Found a staircase to the Lair.
  6782 | D:8      | Noticed a death yak
  6790 | D:8      | Noticed a death yak
  6791 | D:8      | Noticed a death yak
  6804 | D:8      | Killed a death yak
  6804 | D:8      | Reached XP level 11. HP: 45/84 MP: 15/18
  6810 | D:8      | Killed a death yak
  6814 | D:8      | Killed a death yak
  7669 | D:9      | Found a shattered altar of Ashenzari.
  7802 | D:9      | Found a sparkling altar of Nemelex Xobeh.
  7834 | D:9      | Noticed a green ugly thing
  7858 | D:9      | Killed a green ugly thing
  8139 | D:9      | Noticed a two-headed ogre
  8150 | D:9      | Killed a two-headed ogre
  8360 | D:9      | Reached *** piety under Elyvilon
  8402 | D:9      | Found a staircase to the Orcish Mines.
  8876 | D:9      | Found an ancient bone altar of Kikubaaqudgha.
  8946 | D:10     | Entered Level 10 of the Dungeon
  9469 | Lair:1   | Entered Level 1 of the Lair of Beasts
  9569 | D:6      | Bought an uncursed ring of poison resistance for 280 gold pieces
  9725 | Lair:1   | Reached **** piety under Elyvilon
  9776 | Lair:1   | Reached XP level 12. HP: 56/95 MP: 19/19
  9794 | Lair:1   | Reached skill level 10 in Shields
  9977 | Lair:1   | Reached skill level 10 in Invocations
 10472 | Lair:1   | Reached ***** piety under Elyvilon
 12998 | Lair:3   | Noticed Rupert
 13037 | Lair:3   | Killed Rupert
 13037 | Lair:3   | Reached skill level 10 in Fighting
 13580 | Lair:3   | Reached XP level 13. HP: 106/106 MP: 20/20
 13599 | Lair:3   | Reached skill level 10 in Armour
 13991 | Lair:3   | Found a staircase to the Shoals.
 14366 | D:6      | Bought an uncursed amulet of the gourmand for 420 gold pieces
 14961 | Lair:4   | Noticed Snorg
 14978 | Lair:4   | Killed Snorg
 15209 | Lair:4   | Found a hole to the Spider Nest.
 15272 | Lair:4   | Noticed an eight-headed hydra
 15288 | Lair:4   | Killed a four-headed hydra
 15829 | Lair:4   | Noticed a catoblepas
 15852 | Lair:4   | Killed a catoblepas
 16075 | Lair:5   | Noticed an eight-headed hydra
 16569 | Lair:5   | Reached XP level 14. HP: 77/113 MP: 23/23
 16802 | Lair:5   | Found a staircase to the Slime Pits.
 17158 | Lair:5   | Got a transparent hand crossbow
 17159 | Lair:5   | Identified the +3 hand crossbow "Wemui" {freeze, Fragile rN++ Dex+3 SInv} (You found it on level 5 of the Lair of Beasts)
 17813 | Lair:6   | Entered Level 6 of the Lair of Beasts
 18027 | Lair:6   | Found a dark tunnel.
 18036 | Volcano  | Entered a volcano
 18618 | Volcano  | Noticed a stone giant
 18635 | Volcano  | Killed a stone giant
 18675 | Volcano  | Found a burning altar of Makhleb.
 19101 | Lair:6   | Reached skill level 10 in Long Blades
 19798 | Lair:6   | Noticed an entropy weaver
 19880 | Lair:6   | Killed an entropy weaver
 20318 | Lair:6   | Noticed an entropy weaver
 20367 | Lair:6   | Killed an entropy weaver
 20367 | Lair:6   | Reached XP level 15. HP: 56/119 MP: 21/24
 22146 | Lair:6   | Reached skill level 10 in Dodging
 23868 | D:11     | Identified a scroll of acquirement
 24406 | D:11     | Reached ****** piety under Elyvilon
 24715 | Orc:1    | Entered Level 1 of the Orcish Mines
 24728 | Orc:1    | Reached skill level 1 in Crossbows
 25342 | Orc:2    | Entered Level 2 of the Orcish Mines
 25342 | Orc:2    | Found Lidimofy's General Store.
 25644 | Orc:2    | Found a staircase to the Elven Halls.
 25994 | Orc:2    | Reached XP level 16. HP: 127/127 MP: 26/26
 26345 | Orc:2    | Found Zifuh's Weapon Shop.
 26345 | Orc:2    | Found Qyfix's Magic Scroll Shoppe.
 26347 | Orc:2    | Found Sesoofej's Gadget Emporium.
 26349 | Orc:2    | Found Nieptidgha's Antique Weapon Boutique.
 26354 | Orc:2    | Bought a scroll of acquirement for 572 gold pieces
 26354 | Orc:2    | Bought a scroll of acquirement for 572 gold pieces
 26869 | D:12     | Reached skill level 5 in Crossbows
 27451 | D:12     | Upgraded the game from 0.20-a0-650-gd54866b to 0.20-a0-658-g02b20f4
 28596 | D:13     | Found Xuhuovor's Gadget Emporium.
 28983 | D:14     | Found a gate to the Vaults.
 29768 | D:15     | Entered Level 15 of the Dungeon
 29851 | D:15     | Found a glowing silver altar of Zin.
 29879 | D:15     | Noticed Louise
 29894 | D:15     | Killed Louise
 30025 | D:15     | Reached skill level 10 in Crossbows
 30890 | D:15     | Reached XP level 17. HP: 132/135 MP: 27/27
 31281 | D:15     | Found a staircase to the Depths.
 31542 | Spider:1 | Entered Level 1 of the Spider Nest
 33805 | Spider:2 | Noticed Kirke
 33827 | Spider:2 | Killed Kirke
 33924 | Spider:2 | Reached skill level 15 in Shields
 34207 | Spider:2 | Identified the Papyrus of Attacks and Fire
 34248 | Spider:2 | Upgraded the game from 0.20-a0-658-g02b20f4 to 0.20-a0-772-g73021bd
 34249 | Spider:2 | Noticed WhatIsLove's ghost (journeyman TeAE)
 34257 | Spider:2 | Killed WhatIsLove's ghost
 34780 | Spider:2 | Reached skill level 15 in Invocations
 35841 | Spider:3 | Reached XP level 18. HP: 81/143 MP: 29/29
 36362 | Spider:3 | Quit the game

Vault maps used:
D:1:      erik_arrival_triangle_small
D:2:      tgw_trog, gammafunk_temple_overflow_pools
D:3:      fiery_altar_vehumet, uniq_natasha, uniq_iyjb
D:4:      minmay_diamond_boxcup, first_bread
D:5:      kennysheep_generic_room_4
D:6:      zin_treasury, kennysheep_okawaru_gauntlet, lemuel_doored_altar,
          serial_shops, shop, shop, shop, nicolae_shop_statue_plus
D:7:      nicolae_overflow_crystal_walls, nicolae_tso_swordbearing_angel
D:8:      dpeg_lair_monsters, uniq_maurice, uniq_erica
D:9:      nemelex_xobeh_ov_fountains_minmay, lemuel_zombie_altar_kikubaaqudgha,
          overflow_temple_1_default, orc_0_dummy
D:11:     the_bakery, nicolae_twisting_strands, glass_columns_a
D:12:     small_statue_alley_a
D:13:     serial_shops, kennysheep_mini_moat
D:14:     erik_vaults_2, columned_hall_lemuel
D:15:     gammafunk_enter_depths_forms, basic_altar, grunt_decor_fettered,
          uniq_louise
Temple:   dpeg_three_leaves_temple
Lair:1:   grunt_megastairs_2, lemuel_fruit_tree, minmay_lair_oklob_chamber
Lair:3:   minmay_shoals_entry_beasts, minmay_hedge_maze, st_stairs_10,
          infiniplex_staircase_pool, grunt_megastairs_4, uniq_rupert
Lair:4:   spider_nest_entry_rubble, uniq_snorg
Lair:5:   minmay_guarded_unrand_snakebite, slime_dummy, minivault_25
Lair:6:   hangedman_lair_caniforms_friends, guppyfry_lair_end_dragon,
          enter_volcano_1, minivault_29, serial_bayou_shore_b,
          grunt_megastairs_1
Spider:2: uniq_kirke
Orc:1:    minmay_orc_keep
Orc:2:    st_orc_rangers, serial_shops, shop
Volcano:  volcano_grotto

Skill      XL: |  1  2  3  4  5  6  7  8  9 10 11 12 13 14 15 16 17 |
---------------+----------------------------------------------------+-----
Shields        | 4 5 6 7 9 10 12 13 14 15 | 15.0
Dodging        | 1 2 3 4 5 6 7 8 9 10 | 10.0
Long Blades    | 3 4 5 6 7 9 10 11 12 | 12.0
Fighting       | 4 5 7 9 11 12 13 | 13.0
Armour         | 4 5 6 7 9 10 12 13 | 13.0
Invocations    | 6 8 9 10 12 13 14 15 | 15.0
Crossbows      | 2 11 | 11.4

Action                   |  1- 3 |  4- 6 |  7- 9 | 10-12 | 13-15 | 16-18 || total
-------------------------+-------+-------+-------+-------+-------+-------++-------
Melee: Long sword        |    52 |   152 |   490 |    18 |       |       ||   712
       Scimitar          |       |       |       |    95 |    34 |       ||   129
       Great sword       |       |       |       |   572 |  1681 |       ||  2253
       Double sword      |       |       |       |       |   354 |  1342 ||  1696
 Fire: Triple crossbow   |       |       |       |       |       |    24 ||    24
Invok: Lesser Healing    |       |       |     9 |    18 |    35 |     1 ||    63
       Greater Healing   |       |       |       |     5 |     6 |     8 ||    19
 Abil: Heal Wounds       |       |     1 |     9 |     5 |    34 |    18 ||    67
       Dig               |       |       |       |       |       |     5 ||     5
Evoke: Wand              |       |       |       |     4 |       |       ||     4
  Use: Scroll            |     2 |     6 |     6 |     7 |    10 |     8 ||    39
       Potion            |       |       |     1 |     2 |     2 |     3 ||     8
 Stab: Confused          |       |       |       |       |       |     2 ||     2
  Eat: Chunk             |     2 |     4 |    16 |    28 |    64 |    40 ||   154
       Bread ration      |       |       |       |     1 |       |       ||     1
       Fruit             |       |       |       |     1 |       |       ||     1
Armor: Scale mail        |    15 |    54 |    12 |       |       |       ||    81
       Chain mail        |       |       |   132 |     2 |       |       ||   134
       Plate armour      |       |       |       |   158 |   621 |   329 ||  1108
Dodge: Dodged            |    16 |    61 |    76 |   109 |   504 |   322 ||  1088
Block: Shield            |    22 |    62 |       |       |       |       ||    84
       Large shield      |       |    40 |   414 |   656 |  2309 |  1216 ||  4635
       Rpst.: Long sword |     4 |    23 |    27 |       |       |       ||    54
       Scimitar          |       |       |       |     3 |     1 |       ||     4
       Great sword       |       |       |       |    29 |    98 |       ||   127
       Double sword      |       |       |       |       |    14 |    51 ||    65
